Unix NetHack Version 3.7.0-60 Work-in-progress - last build Jul 10 2022 06:21:10 (14e6c82d0a2bdcc1d3355b92dfa208a3528279b5,branch:master). Game began 2022-07-11 12:03:51, ended 2022-07-11 12:55:38. elenmirie, chaotic female orcish Rogue G h G..---- G ->.... -----. |G. h |G. o G ---.- G G |@. h G o |.. G Elenmirie the Rogue St:18/01 Dx:18 Co:13 In:9 Wi:10 Ch:9 Chaotic Dlvl:8 $:0 HP:0(40) Pw:30(30) AC:6 Xp:7/955 T:4802 Blind Latest messages: The gnome wields an uncursed +0 orcish dagger! You kill the gnome! The gnome zaps a crystal wand! The bolt of lightning hits you! Your agate ring turns to dust and vanishes! Your agate ring turns to dust and vanishes! You are blinded by the flash! In what direction? h The orcish dagger hits the gnome! In what direction? h You kill the gnome! In what direction? h You throw 2 orcish daggers. The 1st orcish dagger hits the gnome. The 2nd orcish dagger hits the gnome. You kill the gnome! The flagon crashes on your head and breaks into shards. You feel rather tired. You can move again. b - 2 uncursed +0 orcish daggers (at the ready) (4 in total). A garter snake suddenly appears! A garter snake suddenly appears! A garter snake suddenly appears! A garter snake suddenly appears! A garter snake suddenly appears! A garter snake suddenly appears! A garter snake suddenly appears! b - 2 uncursed +0 orcish daggers (at the ready) (6 in total). Z - 2 crude daggers. You try to feel what is lying here on the floor. The gnome hits! You kill the gnome! You are hit. A dwarf suddenly appears! d - a potion. f - a wand. i - a wand. b - an uncursed +0 orcish dagger (at the ready) (7 in total). You climb up the stairs. In what direction? l The orcish dagger hits the hobbit! You hear a nearby zap. The bolt of fire hits you! Your gloves smoulder! You die... Do you want your possessions identified? [ynq] (y) y Do you want to see your attributes? [ynq] (y) y Do you want an account of creatures vanquished? [ynaq] (y) y Do you want to see your conduct and achievements? [ynq] (y) y Do you want to see the dungeon overview? [ynq] (y) y Major events: Turn 1: elenmirie the chaotic female orcish Rogue entered the dungeon 1048: entered the Gnomish Mines 1062: attained the rank of Cutpurse (level 3) 3137: destroyed sleepnasty's ghost, the former Lookout 3143: destroyed MoonPig's ghost, the former Sightseer 3160: attained the rank of Rogue (level 6) 3160: destroyed Southy's ghost, the former Skirmisher 3956: reached Mine Town 4802: killed by a bolt of fire Inventory: Amulets k - an uncursed amulet of ESP (being worn) Weapons b - 6 uncursed +0 orcish daggers (at the ready) X - an uncursed +0 orcish dagger Z - 2 uncursed +0 orcish daggers a - an uncursed +0 orcish short sword (alternate weapon; not wielded) t - an uncursed +0 silver saber (weapon in hand) Armor v - an uncursed burnt +0 pair of gauntlets of dexterity (being worn) y - a cursed +3 small shield named +3 s - an uncursed +0 cloak of invisibility (being worn) L - an uncursed +0 Hawaiian shirt with a ukulele motif c - an uncursed +1 leather armor (being worn) Comestibles g - an uncursed tripe ration Potions d - an uncursed potion of booze Rings p - an uncursed ring of conflict j - an uncursed ring of levitation J - a cursed ring of slow digestion m - an uncursed ring of teleport control H - an uncursed ring of teleport control Wands h - an uncursed wand of cancellation (0:3) Y - an uncursed wand of create monster (0:11) f - an uncursed wand of digging (0:6) z - an uncursed wand of digging (0:6) D - an uncursed wand of light (0:5) i - an uncursed wand of lightning (0:7) V - a cursed wand of make invisible (0:5) M - an uncursed wand of striking (0:0) A - a cursed wand of striking (0:5) Tools w - an uncursed bag of holding containing 10 items I - an empty uncursed sack e - an uncursed lock pick S - an uncursed +0 pick-axe W - a cursed stethoscope F - 2 uncursed tallow candles x - an uncursed towel Contents of the bag of holding: 760 gold pieces 5 uncursed food rations 6 cursed food rations an uncursed fortune cookie an uncursed scroll of destroy armor an uncursed scroll of light an uncursed potion of confusion an uncursed potion of fruit juice an uncursed potion of gain ability 2 uncursed potions of sickness Elenmirie the Rogue's attributes: Background: You were a Rogue, level 7 female orc. You were chaotic, on a mission for Kos who was opposed by Issek (lawful) and Mog (neutral). You were in the Gnomish Mines, on level 8. You entered the dungeon 4802 turns ago. You had 955 experience points, 325 more were needed to attain level 8. Basics: You had 0 out of 40 hit points. You had all 30 energy points (spell power). Your armor class was 6. Your wallet was empty. Autopickup was on for '$' plus thrown. Final Characteristics: Your strength was 18/01 (limit:18/50). Your dexterity was 18 (limit:18). Your constitution was 13 (limit:18). Your intelligence was 9 (limit:16). Your wisdom was 10 (limit:16). Your charisma was 9 (limit:16). Final Status: You were temporarily blind. You were not hungry. You were unencumbered. You were wielding a saber. You were skilled in saber. Final Attributes: You were piously aligned. You were poison resistant. You were telepathic. You had infravision. You were invisible. You were stealthy. You were warded. You are dead. Miscellaneous: You encountered 1 bones level. Total elapsed playing time was 51 minutes and 46 seconds. Vanquished creatures: 3 ghosts a gnome ruler 2 dingoes 2 dogs a wood nymph 2 orc shamans a rock piercer 3 rock moles 2 fog clouds 2 yellow lights 5 gnome leaders a gray ooze a straw golem 3 giant ants 2 little dogs 2 floating eyes a kitten 11 dwarves a homunculus a kobold leader a kobold shaman 3 hill orcs a rothe a dwarf zombie 8 iguanas 2 acid blobs a gas spore 4 hobbits an orc 3 giant rats a yellow mold a red mold 27 gnomes 2 garter snakes 2 gnome zombies 4 geckos 4 jackals a fox 3 grid bugs a bat 9 lichens 2 kobold zombies 4 newts 133 creatures vanquished. No species were genocided or became extinct. Voluntary challenges: You read items or engraved 7 times. You never engraved Elbereth. You never genocided any monsters. You never polymorphed an object. You never changed form. You used no wishes. Achievements: You entered a shop. You entered the Gnomish Mines. You attained the rank of Cutpurse. You attained the rank of Rogue. You entered Minetown. The Dungeons of Doom: levels 1 to 6 Level 1: Some fountains. Level 2: Level 3: A general store, a fountain. Stairs down to The Gnomish Mines. Level 4: "stash" A scroll shop, some graves. Final resting place for sleepnasty-Ran-Elf-Mal-Cha, killed by a little dog, Southy-Val-Hum-Fem-Neu, killed by a homunculus, while sleeping, MoonPig-Tou-Hum-Fem-Neu, killed by a werejackal. Level 5: A fountain. Level 6: Some fountains. The Gnomish Mines: levels 4 to 10 Level 4: Level 5: Level 6: A fountain. Level 7: Level 8: <- You were here. Final resting place for you, killed by a bolt of fire. Level 9: Level 10: Game over: ---------- / \ / REST \ / IN \ / PEACE \ / \ | elenmirie | | 760 Au | | killed by a bolt | | of fire | | | | | | 2022 | *| * * * | * _________)/\\_//(\/(/\)/\//\/|_)_______ Goodbye elenmirie the Rogue... You died in The Gnomish Mines on dungeon level 8 with 4984 points, and 760 pieces of gold, after 4802 moves. You were level 7 with a maximum of 40 hit points when you died.